 Dungeon Crawl Stone Soup version 0.27-a0-1090-gb115f176c6 (webtiles) character file.

Game seed: 10417085481420136442

16 scammafunk the Sneak (level 2, 0/13 HPs)
             Began as a Vine Stalker Enchanter on Apr 27, 2021.
             Slain by a wyvern skeleton (1 damage)
             ... on level 2 of the Dungeon.
             The game lasted 00:03:44 (1739 turns).

scammafunk the Sneak (Vine Stalker Enchanter)       Turns: 1739, Time: 00:03:44

Health: 0/13       AC:  2    Str: 10    XL:     2   Next: 54%
Magic:  0/6        EV: 12    Int: 15    God:
Gold:   28         SH:  0    Dex: 14    Spells: 2/5 levels left

rFire    . . .     SeeInvis .   c - +0 short sword
rCold    . . .     Faith    .   (no shield)
rNeg     . . .     Spirit   +   b - +0 robe
rPois    .         Reflect  .   (no helmet)
rElec    .         Harm     .   (no cloak)
rCorr    .         Rampage  .   (no gloves)
Will     .....                  (no boots)
Stlth    +++.......             (no amulet)
HPRegen  0.04/turn              (no ring)
MPRegen  0.10/turn              (no ring)

@: no status effects
A: fangs 2, magic shield, antimagic bite, no potion heal 2
a: no special abilities


You were on level 2 of the Dungeon.
You visited 1 branch of the dungeon, and saw 2 of its levels.

You collected 28 gold pieces.

Inventory:

Hand Weapons
 a - a +1 dagger
 c - a +0 short sword (weapon)
Armour
 b - a +0 robe (worn)
Potions
 d - 2 potions of might {unknown}


   Skills:
 * Level 1.2 Short Blades
 - Level 1.7 Dodging
 * Level 3.9 Stealth
 + Level 2.4 Spellcasting
 + Level 3.1 Hexes


You had 2 spell levels left.
You knew the following spells:

 Your Spells              Type           Power      Damage    Failure   Level
a - Corona                Hex            12%        N/A       6%          1
b - Ensorcelled Hibernat  Hex/Ice        12%        N/A       17%         2

Your spell library contained the following spells:

 Spells                   Type           Power      Damage    Failure   Level
 Animate Skeleton         Necr           2%         N/A       22%         1
 Pain                     Necr           4%         1d4       22%         1
 Confusing Touch          Hex            11%        N/A       17%         3
 Tukima's Dance           Hex            11%        N/A       17%         3
 Dazzling Flash           Conj/Hex       12%        N/A       32%         3
 Vampiric Draining        Necr           0%         2d6       54%         3
 Animate Dead             Necr           0%         N/A       91%         4
 Agony                    Necr           1%         N/A       99%         5


Dungeon Overview and Level Annotations

Branches:
Dungeon (2/15)

Altars:


Innate Abilities, Weirdness & Mutations

You have extremely sharp teeth.
When hurt, damage is shared between your health and your magic reserves.
Your bite disrupts and absorbs the magic of your enemies.
Potions cannot restore your health.


Message History

You puncture the bat!
You kill the bat!
Found a stone staircase leading down.
Done exploring.
You open the door.
There is an open door here.
There is a stone staircase leading down here.
You climb downwards.
There is a stone staircase leading up here.
A wyvern skeleton comes into view.
You completely miss the wyvern skeleton.
The wyvern skeleton bites you!
Casting: Ensorcelled Hibernation (safe; 17% risk of failure)
Confirm with . or Enter, or press ? or * to list all spells.
You can't see any susceptible monsters within range! (Use Z to cast anyway.)
Casting: Ensorcelled Hibernation (safe; 17% risk of failure)
Confirm with . or Enter, or press ? or * to list all spells.
Aiming: Corona (safe; 6% risk of failure)
Press: ? - help, Shift-Dir - straight line, f - wyvern skeleton
Aim: a wyvern skeleton (chance to affect: 59%)
The wyvern skeleton is outlined in light.
The wyvern skeleton bites you!
Ouch! That really hurt!
* * * LOW HITPOINT WARNING * * *
The wyvern skeleton closely misses you.
You hit the wyvern skeleton. Your bite misses the wyvern skeleton.
The wyvern skeleton is lightly damaged.
The wyvern skeleton closely misses you.
You hit the wyvern skeleton. You bite the wyvern skeleton. You drain its power.
You feel invigorated.
The wyvern skeleton is heavily damaged.
The wyvern skeleton closely misses you.
You hit the wyvern skeleton.
The wyvern skeleton is heavily damaged.
The wyvern skeleton barely misses you. The wyvern skeleton closely misses you.
You hit the wyvern skeleton. You bite the wyvern skeleton. You drain its power.
You feel invigorated.
The wyvern skeleton is severely damaged.
The wyvern skeleton bites you!
You die...

... ..### .# #...
. . #..# .# ..
###..##.#...
#...........
...#.#.#.........
......Z@.......#
...###.##.####.#
#.#<.# #.#..#
#......
.......#..
.......... ..+
..#......#. .# .
#...##.##. .


You could see a wyvern skeleton (corona).

Vanquished Creatures
  3 endoplasms (D:1)
  A giant cockroach (D:1)
  2 goblins (D:1)
  3 hobgoblins (D:1)
  2 bats (D:1)
  2 kobolds (D:1)
  A rat (D:1)
14 creatures vanquished.

Notes
Turn   | Place    | Note
-------+----------+-------------------------------------------
     0 | D:1      | scammafunk the Vine Stalker Enchanter began the quest for
                  | the Orb.
     0 | D:1      | Reached XP level 1. HP: 9/9 MP: 4/4
    53 | D:1      | Reached skill level 1 in Short Blades
   505 | D:1      | Reached XP level 2. HP: 13/13 MP: 3/6
   654 | D:1      | Learned a level 2 spell: Ensorcelled Hibernation
  1739 | D:2      | Slain by a wyvern skeleton

Illustrated notes

Levels and vault maps discovered:
D:1:      shiori_angband_town, layout_basic
D:2:      layout_basic

Skill      XL: |  1 |
---------------+----+-----
Short Blades   | 1 |  1.2
Dodging        | |  1.7
Stealth        | |  3.9
Spellcasting   | |  2.4
Hexes          | |  3.1

Action                   || total
-------------------------++-------
Melee: Dagger            ||    15
       Bite              ||     6
       Short sword       ||    19
 Cast: Corona            ||     2
       Ensorcelled Hiber ||     6
 Stab: Sleeping          ||     8
Armor: Robe              ||     7
Dodge: Dodged            ||    16

Table legend: (Time is in decaauts)
 A = Elapsed time spent in this place.
 B = Non-inter-level travel time spent in this place.
 C = Inter-level travel time spent in this place.
 D = Time resting spent in this place.
 E = Time spent auto-exploring this place.
 F = Levels seen in this place.
 G = Mean time per level.
                   A        B        C        D        E       F      G
               +--------+--------+--------+--------+--------+-----+--------+
         Total |   1738 |   1676 |     62 |    335 |   1144 |   2 |  869.0 |
       Dungeon |   1738 |   1676 |     62 |    335 |   1144 |   2 |  869.0 |
               +--------+--------+--------+--------+--------+-----+--------+

Top non-repeatable levels by time:
     D:1: 1728 daAuts
     D:2: 9 daAuts
